 Dungeon Crawl Stone Soup version 0.21-a0-630-g344d351 (webtiles) character file.

369 Charly the Chopper (level 6, -4/39 HPs)
             Began as a Gargoyle Fighter on Dec 26, 2017.
             Slain by an ogre
             ... wielding a +0 giant spiked club
              (25 damage)
             ... on level 5 of the Dungeon.
             The game lasted 00:02:52 (2036 turns).

Charly the Chopper (Gargoyle Fighter)               Turns: 2036, Time: 00:02:53

Health: -4/39      AC: 14    Str: 19    XL:     6   Next: 70%
Magic:  6/6        EV:  7    Int:  9    God:
Gold:   269        SH:  9    Dex: 11    Spells: 5/5 levels left

rFire    . . .     SeeInvis .   a - +0 war axe
rCold    . . .     Gourm    .   c - +0 shield
rNeg     + . .     Faith    .   b - +0 scale mail
rPois    ∞         Spirit   .   e - +1 helmet
rElec    +         Reflect  .   (no cloak)
rCorr    .         Harm     .   j - +0 pair of gloves
MR       .....                  (no boots)
Stlth    ..........             (no amulet)
HPRegen  0.13/turn              (no ring)
MPRegen  0.10/turn              (no ring)

@: no status effects
A: negative energy resistance 1, electricity resistance, unbreathing,
petrification resistance, rot immunity, AC +4
a: no special abilities


You were on level 5 of the Dungeon.
You were not hungry.

You visited 1 branch of the dungeon, and saw 5 of its levels.

You collected 269 gold pieces.

Inventory:

Hand Weapons
 a - a +0 war axe (weapon)
Armour
 b - a +0 scale mail (worn)
 c - a +0 shield (worn)
 e - a +1 helmet (worn)
 j - a +0 pair of gloves (worn)
Wands
 p - a wand of polymorph (11)
Scrolls
 h - 2 scrolls of fear {unknown}
 l - a scroll of teleportation {unknown}
 o - 6 scrolls of identify {unknown}
 r - a scroll of enchant weapon {unknown}
 s - a scroll of remove curse {unknown}
Potions
 d - 3 potions of might
 g - a potion of haste {unknown}
 i - 2 potions of curing {unknown}
 k - 2 potions of heal wounds {unknown}
 m - 3 potions of flight {unknown}
 n - 2 potions of cancellation {unknown}
 q - a potion of brilliance {unknown}
Comestibles
 f - 8 rations


   Skills:
 + Level 4.4 Fighting
 * Level 5.8 Axes
 - Level 3.2 Armour
 - Level 3.2 Shields


You had 5 spell levels left.
You didn't know any spells.

Dungeon Overview and Level Annotations

Branches:
Dungeon (5/15)
 Temple: D:4-7

Altars:
Ashenzari
Cheibriados
Elyvilon
Kikubaaqudgha
Vehumet
Xom
Yredelemnul
Zin


Innate Abilities, Weirdness & Mutations

You are resistant to torment.
Your stone body is resilient. (AC +4)
You are immune to poison.
You resist negative energy. (rN+)
You are resistant to electric shocks. (rElec)
You can survive without breathing.
You are immune to petrification.
You are immune to rotting.


Message History

No target in view!
r - a scroll labeled IDUEMM LUALLAYMP
Found a stone staircase leading down.
f - 7 rations (gained 1) HP restored.
f - 8 rations (gained 1)
Found an escape hatch in the ceiling.
You now have 248 gold pieces (gained 10).
There is a shattered altar of Ashenzari here.
You now have 269 gold pieces (gained 21).
An ogre comes into view. It is wielding a giant spiked club.
The ogre shouts!
An ogre is nearby!
You barely miss the ogre.
The ogre hits you with a giant spiked club!!
You hit the ogre.
The ogre is moderately wounded.
The ogre hits you with a giant spiked club!!
Ouch! That really hurt!
You die...

..8......# #<#
.._....#†###.# #.#.##
........†....# #....###
.#........##..........
...#.#.##.##.###....# #
.#.#.#.##.##.###....#.#
.#.#.#.##.##.#........#
#.#................#
#...##(......@O.#
#..>####..#...### #...#
#..#..## # #..#..#
......# ###.#..# ..#..#
####..# #..#


You could see an ogre.

Vanquished Creatures
  A phantom (D:4)
  A scorpion (D:4)
  A howler monkey (D:4)
  An orc priest (D:4)
  An orc wizard (D:4)
  2 worker ants
  An ooze (D:1)
  An adder skeleton (D:4)
  4 worms
  2 dart slugs
  2 leopard geckos (D:1)
  3 orcs (D:4)
  A ball python (D:4)
  4 bats
  4 giant cockroaches
  6 goblins
  10 hobgoblins
  3 jackals (D:1)
  2 quokkas (D:2)
  3 frilled lizards
  9 kobolds
  6 rats
68 creatures vanquished.

Notes
Turn   | Place    | Note
-------+----------+-------------------------------------------
     0 | D:1      | Charly the Gargoyle Fighter began the quest for the Orb.
     0 | D:1      | Reached XP level 1. HP: 14/14 MP: 1/1
    69 | D:1      | Reached skill level 2 in Axes
    87 | D:1      | Reached XP level 2. HP: 18/19 MP: 2/2
   292 | D:1      | Reached XP level 3. HP: 21/24 MP: 3/3
   574 | D:2      | Reached skill level 3 in Axes
   816 | D:3      | Reached XP level 4. HP: 26/29 MP: 4/4
   837 | D:3      | Found a shimmering altar of Xom.
  1213 | D:4      | Reached skill level 4 in Axes
  1213 | D:4      | Reached XP level 5. HP: 33/33 MP: 5/5
  1226 | D:4      | Found a white marble altar of Elyvilon.
  1227 | D:4      | Found a radiant altar of Vehumet.
  1358 | D:4      | Found a basalt altar of Yredelemnul.
  1358 | D:4      | Found a snail-covered altar of Cheibriados.
  1393 | D:4      | Found an ancient bone altar of Kikubaaqudgha.
  1632 | D:4      | Reached skill level 5 in Axes
  1713 | D:4      | Reached XP level 6. HP: 33/38 MP: 6/6
  1770 | D:4      | Noticed a phantom
  1795 | D:4      | Killed a phantom
  1983 | D:5      | Entered Level 5 of the Dungeon
  1987 | D:5      | Found a glowing silver altar of Zin.
  1987 | D:5      | Found a shattered altar of Ashenzari.
  2036 | D:5      | Slain by an ogre

Vault maps used:
D:1:      matt_arrival_refuge
D:2:      uniq_crazy_yiuf_cottage
D:3:      xom_butterflies
D:4:      nicolae_overflow_hidden_temple, grunt_temple_overflow_open,
          first_ration, minmay_crystal_room
D:5:      chequers_temple_overflow_statue_of_worship,
          minmay_temple_entry_nine_rooms, basic_altar, uniq_sigmund, uniq_ijyb

Skill      XL: |  1  2  3  4  5 |
---------------+----------------+-----
Axes           | 2 3 4 5 |  5.8
Fighting       | 4 |  4.4
Armour         | |  3.2
Shields        | |  3.2

Action                   |  1- 3 |  4- 6 || total
-------------------------+-------+-------++-------
Melee: War axe           |   130 |   117 ||   247
  Eat: Chunk             |       |     4 ||     4
Armor: Scale mail        |    85 |    61 ||   146
Dodge: Dodged            |    60 |    23 ||    83
Block: Shield            |    75 |    50 ||   125

Table legend:
 A = Spawn XP
 B = Non-spawn XP
 C = Spawn XP percentage of total XP
 D = Spawn monster count
 E = Non-spawn monster count
 F = Spawn count percentage of total count
 G = Total turns spent on level
                    A         B        C        D         E        F      G
               +---------+---------+-------+---------+---------+-------+---------
         Total |       0 |     528 |   0.0 |       0 |      68 |   0.0 |  2036
               +---------+---------+-------+---------+---------+-------+---------
           D:1 |       0 |      34 |   0.0 |       0 |      16 |   0.0 |   325
           D:2 |       0 |      26 |   0.0 |       0 |      14 |   0.0 |   345
           D:3 |       0 |      41 |   0.0 |       0 |      21 |   0.0 |   464
           D:4 |       0 |     391 |   0.0 |       0 |      15 |   0.0 |   849
           D:5 |       0 |      36 |   0.0 |       0 |       2 |   0.0 |    53
               +---------+---------+-------+---------+---------+-------+---------
